Map: Ice and Chrome LE

Players

Silky

  • Race: Zerg Zerg
  • Spawn Location: 7:00

LiquidTLO (TLO) - Winner!

  • Race: Zerg Zerg
  • League: Master
  • Spawn Location: 1:00

Event: DreamHack SC2 Masters 2020 Summer North America

VOD

Have the link to the VOD?

Description

Time

  • Played on: July 4, 2020, 4:18 p.m.
  • Length: 14:05

All games in this series

Show
View Real Time Build Order
Export as new Build Order

Silky Zerg 

Build Orders: Hatch First, Roach Hydra 

Get SALT Encoding   

  12  0:00  Drone  
  13  0:12  Overlord  
  13  0:16  Drone  
  14  0:31  Drone x2  
  16  0:48  Hatchery  
  15  0:50  Drone  
  15  0:55  Drone  
  17  0:57  Drone  
  18  1:08  Extractor  
  17  1:12  Spawning Pool  
  17  1:15  Drone  
  17  1:20  Drone  
  18  1:28  Drone  
  19  1:39  Drone  
  20  1:49  Drone  
  21  2:00  Drone, Overlord, Queen x2  
  26  2:09  Metabolic Boost  
  26  2:11  Drone x2  
  28  2:21  Drone x2  
  30  2:32  Hatchery  
  30  2:35  Drone  
  30  2:36  Drone  
  31  2:42  Queen  
  33  2:49  Baneling Nest  
  32  2:52  Overlord  
  32  2:56  Drone x2  
  34  3:00  Drone  
  36  3:05  Drone  
  36  3:12  Zergling x6  
  39  3:14  Drone x2  
  39  3:16  Overlord  
  41  3:22  Drone x3  
  44  3:27  Evolution Chamber  
  44  3:32  Baneling  
  44  3:34  Drone x2  
  45  3:41  Zergling x2  
  45  3:44  Drone x3  
  45  3:48  Drone x2  
  51  3:52  Roach Warren  
  51  3:53  Zerg Missile Weapons Level 1  
  49  3:57  Zergling x4  
  49  3:59  Drone x3  
  54  4:04  Baneling, Overlord  
  54  4:06  Drone  
  54  4:09  Drone  
  56  4:13  Overlord  
  56  4:17  Zergling x2  
  56  4:18  Lair  
  56  4:22  Drone, Overlord x2  
  58  4:26  Drone x3  
  58  4:29  Extractor  
  58  4:30  Overlord, Extractor  
  59  4:31  Drone  
  59  4:33  Drone  
  59  4:34  Drone  
  62  4:39  Drone x2  
  62  4:44  Baneling x2  
  64  4:46  Drone  
  64  4:50  Zergling x4  
  64  4:51  Drone x3  
  70  4:56  Drone  
  70  5:03  Overlord  
  70  5:04  Drone x6  
  70  5:06  Pneumatized Carapace, Extractor  
  70  5:07  Extractor x2  
  73  5:15  Overlord  
  73  5:17  Roach x2  
  73  5:18  Glial Reconstitution  
  73  5:20  Roach  
  77  5:21  Spine Crawler  
  77  5:27  Drone x2  
  77  5:28  Drone x3  
  81  5:35  Overlord  
  80  5:37  Overseer  
  80  5:38  Drone  
  80  5:39  Drone x2  
  83  5:45  Drone  
  83  5:46  Hydralisk Den, Roach x3  
  89  5:53  Hatchery  
  89  5:54  Roach x2  
  92  6:00  Roach x3  
  92  6:03  Overlord  
  98  6:05  Overlord  
  98  6:07  Queen x2  
  98  6:08  Queen  
  103  6:12  Drone  
  103  6:15  Spore Crawler  
  103  6:16  Spore Crawler  
  103  6:17  Spore Crawler  
  103  6:18  Muscular Augments  
  101  6:21  Hydralisk x3  
  101  6:22  Hydralisk  
  101  6:25  Spore Crawler  
  108  6:28  Drone  
  108  6:30  Infestation Pit  
  108  6:35  Overlord  
  108  6:36  Drone, Overlord  
  108  6:37  Hydralisk, Drone  
  112  6:41  Hydralisk  
  112  6:42  Hydralisk  
  116  6:48  Spore Crawler  
  116  6:50  Queen  
  117  6:54  Baneling  
  117  7:01  Overlord  
  117  7:02  Overlord  
  117  7:08  Pathogen Glands  
  117  7:09  Hydralisk  
  117  7:10  Hydralisk x5  
  127  7:16  Drone  
  127  7:17  Overseer  
  128  7:28  Infestor  
  128  7:29  Infestor x2  
  134  7:37  Infestor  
  134  7:38  Overlord x4  
  134  7:41  Queen  
  138  7:46  Infestor  
  138  7:50  Hydralisk  
  142  7:53  Overlord  
  141  8:03  Overlord  
  141  8:04  Hydralisk x3  
  141  8:05  Hydralisk x2  
  150  8:11  Overlord  
  150  8:14  Hydralisk x2  
  150  8:15  Hydralisk  
  150  8:19  Hydralisk, Overlord  
  154  8:23  Overlord  
  154  8:24  Zergling x4  
  154  8:26  Overseer  
  158  8:28  Baneling x3  
  160  8:34  Roach x6  
  160  8:36  Overlord  
  160  8:40  Spine Crawler x2  
  168  8:41  Drone  
  168  8:42  Roach  
  168  8:43  Roach, Spine Crawler  
  168  8:48  Extractor  
  169  8:53  Roach x5  
  173  8:58  Roach x3  
  173  9:01  Grooved Spines  
  174  9:19  Roach x8  
  136  9:41  Hydralisk  
  136  9:42  Hydralisk x7  
  132  9:51  Hydralisk x3  
  126  9:59  Hydralisk x2  
  118  10:06  Drone x2  
  118  10:08  Hydralisk x2  
  118  10:13  Hydralisk x2, Drone x2  
  128  10:15  Hydralisk  
  128  10:18  Hydralisk  
  132  10:23  Hydralisk  
  132  10:25  Hydralisk  
  136  10:35  Hydralisk x3  
  140  10:53  Hydralisk x6  
  140  10:55  Roach  
  154  11:03  Roach x4  
  162  11:07  Roach x2  
  166  11:12  Roach x2  
  166  11:13  Roach  
  172  11:24  Hydralisk x2  
  172  11:25  Hydralisk x2  
  174  11:36  Hydralisk x2  
  174  11:37  Hydralisk x2  
  172  11:52  Infestor  
  168  11:56  Hydralisk  
  168  11:57  Hydralisk x2  
  164  12:01  Roach x2  
  164  12:05  Roach x2  
  160  12:12  Infestor  
  162  12:18  Roach x2  
  162  12:19  Hatchery  
  162  12:20  Zergling x6  
  168  12:26  Hydralisk x3  
  168  12:32  Hydralisk x2  
  171  12:40  Baneling x5  
  171  12:41  Hatchery  
  159  13:05  Hydralisk x7  
  154  13:12  Hatchery  
  165  13:25  Hydralisk x2  
  165  13:26  Hydralisk x3  
  142  13:28  Hydralisk  
  144  13:36  Roach  
  144  13:41  Spore Crawler  
  145  13:43  Roach  
Show
View Real Time Build Order
Export as new Build Order

LiquidTLO Zerg - Winner!

Build Orders: Hatch First, Muta Ling Bane 

Get SALT Encoding   

  12  0:00  Drone  
  13  0:12  Overlord  
  13  0:16  Drone  
  14  0:31  Drone x2  
  16  0:47  Hatchery  
  15  0:50  Drone  
  15  0:55  Drone  
  17  0:57  Drone  
  18  1:04  Extractor  
  17  1:13  Spawning Pool  
  17  1:17  Drone  
  17  1:20  Drone  
  18  1:29  Drone  
  19  1:39  Drone  
  20  1:49  Drone  
  21  1:59  Queen  
  21  2:00  Queen  
  25  2:02  Drone x2  
  25  2:04  Metabolic Boost  
  27  2:10  Drone  
  27  2:13  Overlord  
  28  2:21  Extractor  
  28  2:22  Drone x2, Extractor  
  30  2:31  Hatchery  
  30  2:34  Drone  
  30  2:36  Drone  
  31  2:42  Queen  
  33  2:46  Overlord  
  33  2:53  Drone x2  
  33  2:56  Zergling x2  
  36  3:04  Overlord  
  36  3:05  Drone  
  37  3:06  Drone  
  37  3:07  Drone  
  37  3:08  Drone  
  37  3:09  Drone  
  37  3:11  Drone  
  42  3:13  Zergling x2  
  43  3:20  Overlord  
  43  3:21  Baneling Nest  
  43  3:22  Zergling x2  
  43  3:27  Drone  
  43  3:28  Drone, Extractor  
  44  3:40  Drone  
  44  3:41  Drone  
  46  3:42  Evolution Chamber, Drone  
  46  3:43  Drone  
  46  3:44  Drone  
  46  3:48  Drone, Lair  
  48  3:50  Drone  
  48  3:51  Drone  
  48  3:52  Drone  
  48  3:53  Drone  
  53  3:57  Zergling x2  
  53  4:01  Roach Warren  
  53  4:02  Drone  
  54  4:10  Drone  
  54  4:12  Drone, Overlord, Extractor  
  54  4:13  Drone, Extractor  
  54  4:14  Drone x2  
  54  4:17  Drone  
  58  4:19  Overlord  
  58  4:22  Drone  
  59  4:25  Drone  
  59  4:28  Drone  
  61  4:34  Overlord  
  61  4:35  Drone x3  
  61  4:36  Drone  
  65  4:40  Drone  
  65  4:41  Extractor x2  
  64  4:45  Overlord  
  64  4:50  Spire  
  64  4:51  Roach  
  65  4:53  Roach  
  65  4:56  Roach  
  65  4:57  Roach  
  70  5:03  Drone  
  70  5:04  Baneling x2, Drone x2  
  70  5:06  Overlord  
  71  5:18  Drone x5  
  71  5:19  Drone  
  71  5:20  Drone  
  77  5:25  Drone  
  78  5:32  Overlord  
  78  5:37  Drone  
  78  5:39  Drone x2  
  78  5:41  Drone  
  82  5:45  Hatchery  
  82  5:47  Overlord  
  81  5:56  Zerg Melee Weapons Level 1  
  81  5:57  Queen  
  81  5:58  Overlord  
  81  6:00  Overlord  
  83  6:04  Mutalisk x4, Zerg Flyer Weapons Level 1  
  83  6:05  Mutalisk  
  83  6:10  Mutalisk x2  
  97  6:14  Centrifical Hooks  
  97  6:17  Mutalisk  
  99  6:20  Drone x3  
  99  6:21  Drone x2  
  99  6:23  Mutalisk  
  106  6:26  Mutalisk, Zergling x2  
  106  6:31  Mutalisk  
  111  6:36  Drone x7  
  118  6:43  Zergling x2  
  118  6:45  Mutalisk  
  118  6:46  Extractor  
  120  6:49  Mutalisk  
  120  6:50  Overlord, Zergling x2  
  120  6:51  Mutalisk, Extractor  
  124  6:56  Overlord  
  124  6:57  Mutalisk  
  124  6:59  Zergling x2  
  124  7:00  Drone, Queen  
  130  7:05  Mutalisk  
  130  7:07  Mutalisk  
  129  7:15  Overlord  
  129  7:16  Mutalisk, Zergling x12  
  129  7:17  Zergling x2  
  129  7:20  Mutalisk  
  140  7:26  Pneumatized Carapace  
  140  7:28  Mutalisk  
  142  7:30  Hatchery  
  142  7:33  Zergling x2  
  142  7:34  Zergling x8  
  146  7:37  Overlord  
  146  7:39  Overlord  
  146  7:40  Zergling x6  
  146  7:41  Baneling  
  146  7:43  Zergling x4  
  151  7:44  Baneling  
  151  7:45  Zergling x2  
  151  7:47  Zergling x2  
  151  7:48  Zergling x2  
  151  7:49  Mutalisk  
  156  7:51  Mutalisk  
  156  7:52  Overlord  
  158  8:02  Overlord  
  158  8:04  Zerg Melee Weapons Level 2  
  156  8:06  Infestation Pit  
  156  8:07  Zergling x4  
  156  8:12  Zergling x2  
  158  8:13  Mutalisk x2, Zergling x4  
  158  8:14  Zergling x2  
  158  8:15  Zergling x2  
  158  8:17  Zergling x4  
  164  8:22  Mutalisk  
  164  8:23  Mutalisk  
  164  8:24  Baneling x7  
  164  8:25  Baneling  
  168  8:28  Mutalisk  
  167  8:34  Zergling x2  
  167  8:41  Zergling x2  
  167  8:43  Evolution Chamber, Zergling x2  
  167  8:50  Mutalisk  
  167  8:51  Mutalisk  
  167  8:53  Overlord x3  
  167  8:54  Overlord, Zergling x2  
  167  8:55  Mutalisk, Zergling x4  
  165  9:00  Baneling x6  
  165  9:01  Baneling x8  
  165  9:02  Zergling x2  
  164  9:04  Zergling x2  
  164  9:06  Zergling x2  
  164  9:08  Zergling x2  
  162  9:10  Zergling x2  
  162  9:11  Zergling x4  
  162  9:12  Zergling x2  
  162  9:13  Zergling x2  
  162  9:14  Zergling x4  
  162  9:16  Baneling x3  
  165  9:17  Baneling x4  
  165  9:18  Zergling x4  
  165  9:19  Mutalisk  
  157  9:24  Zergling x2  
  157  9:26  Mutalisk, Zergling x2  
  157  9:27  Mutalisk  
  145  9:36  Mutalisk, Zergling x2  
  145  9:37  Mutalisk  
  126  9:38  Mutalisk  
  126  9:40  Queen x2  
  126  9:44  Queen  
  124  9:46  Zerg Flyer Weapons Level 2  
  124  9:52  Drone x2  
  121  9:54  Mutalisk  
  121  9:56  Zergling x2  
  121  9:58  Drone x2  
  121  9:59  Drone  
  126  10:00  Zergling x2  
  128  10:07  Drone  
  128  10:09  Drone x2  
  128  10:11  Zerg Ground Armor Level 1  
  128  10:12  Zergling x6  
  133  10:18  Mutalisk  
  133  10:19  Mutalisk x2  
  133  10:20  Drone  
  141  10:21  Drone  
  141  10:27  Hive  
  141  10:29  Zergling x6  
  141  10:33  Zergling x4  
  141  10:34  Zergling x2  
  147  10:36  Zergling x2  
  147  10:37  Zergling x4  
  147  10:39  Overlord  
  147  10:40  Zergling x2  
  151  10:45  Overlord  
  151  10:47  Zergling x2  
  150  10:53  Overlord  
  150  10:54  Zergling x6  
  150  10:55  Zergling x10  
  150  10:57  Baneling x6  
  150  10:58  Baneling x2  
  150  11:01  Baneling x6  
  150  11:08  Baneling x8  
  150  11:09  Baneling x6  
  150  11:17  Mutalisk  
  150  11:18  Mutalisk x2  
  152  11:23  Overlord  
  153  11:25  Zergling x4  
  150  11:34  Overlord  
  150  11:37  Mutalisk x4, Overlord  
  150  11:39  Zergling x14  
  165  11:42  Zergling x6  
  165  11:46  Mutalisk  
  163  11:48  Mutalisk  
  163  11:53  Mutalisk  
  161  11:57  Mutalisk  
  156  12:03  Mutalisk  
  156  12:05  Drone x4  
  156  12:06  Zergling x8  
  164  12:10  Zergling x2  
  165  12:16  Overlord x3  
  165  12:19  Ultralisk Cavern, Zergling x2  
  165  12:21  Zergling x2  
  166  12:23  Zergling x2  
  166  12:24  Zergling x4  
  166  12:28  Zergling x2  
  169  12:32  Zergling x2  
  169  12:36  Zergling x2  
  169  12:44  Mutalisk, Zergling x2  
  169  12:45  Mutalisk x3  
  169  12:49  Zergling x2  
  177  12:57  Zergling x2  
  169  13:02  Zergling x4  
  169  13:04  Overlord  
  169  13:05  Mutalisk  
  163  13:07  Ultralisk  
  160  13:13  Drone x2  
  160  13:19  Ultralisk  
  141  13:27  Zergling x4  
  141  13:28  Zergling x4  
  141  13:33  Baneling x13  
  143  13:39  Zergling x2  
Tags
 
Add a new tag
Caveats
  • Supply blocks, unpowered buildings, or Contaminate may cause inaccurate times.
  • Supply counts are checked every 10 seconds.